Map: Overgrown Facility

Players

VagMaster

  • Race: Zerg Zerg
  • League: Diamond
  • Spawn Location: 7:00

ColWombaT

  • Race: Terran Terran
  • League: Master
  • Spawn Location: 9:00

Adversity - Winner!

  • Race: Terran Terran
  • Spawn Location: 1:00

Squirtle - Winner!

  • Race: Zerg Zerg
  • Spawn Location: 3:00

VOD

Have the link to the VOD?

Description

Time

  • Played on: June 28, 2018, 5:39 p.m.
  • Length: 12:51
Show
View Real Time Build Order
Export as new Build Order

VagMaster Zerg 

Build Orders: Pool First 

Get SALT Encoding   

  12  0:01  Drone  
  13  0:13  Overlord  
  13  0:19  Drone  
  14  0:31  Drone x2  
  14  0:35  Drone  
  17  0:46  Drone  
  18  0:50  Spawning Pool  
  18  0:53  Extractor  
  16  1:00  Drone  
  17  1:08  Drone  
  18  1:23  Hatchery  
  18  1:25  Drone  
  18  1:30  Drone  
  19  1:41  Queen  
  19  1:44  Drone  
  22  1:51  Overlord  
  22  1:57  Metabolic Boost  
  22  2:10  Overlord  
  22  2:17  Drone  
  23  2:26  Overlord  
  23  2:33  Zergling x2  
  24  2:43  Zergling x4  
  26  2:49  Zergling x2  
  27  2:51  Zergling x4  
  27  2:52  Zergling x2  
  30  3:01  Zergling x4  
  30  3:02  Hatchery  
  31  3:08  Zergling x2  
  25  3:25  Zergling x8  
  28  3:38  Queen  
  29  4:03  Baneling Nest  
  29  4:05  Drone x3  
  31  4:20  Drone  
  31  4:21  Drone x3  
  27  4:38  Zergling x6  
  30  4:58  Zergling x4  
  30  4:59  Queen, Zergling x4  
  38  5:10  Zergling x10  
  41  5:25  Lair  
  39  5:38  Zergling x2  
  39  5:39  Zergling x2  
  39  5:42  Hatchery  
  40  5:58  Zergling x12  
  40  6:02  Baneling x2  
  46  6:08  Zergling x4  
  48  6:17  Zergling x4  
  49  6:30  Baneling x2  
  49  6:31  Baneling x2  
  49  6:39  Zergling x2  
  51  6:40  Zergling x4  
  51  6:42  Baneling x2  
  51  6:43  Baneling x2  
  51  7:11  Drone x6  
  57  7:25  Extractor  
  56  7:40  Spore Crawler  
  48  7:46  Spore Crawler  
  48  7:50  Hydralisk Den  
  28  7:58  Overlord, Zergling x4  
  28  7:59  Zergling x14  
  28  8:00  Zergling x4  
  39  8:14  Centrifical Hooks  
  39  8:29  Baneling x3  
  39  8:32  Zergling x2  
  39  8:33  Zergling x6  
  43  8:41  Baneling x2  
  43  8:42  Drone  
  38  9:01  Zergling x12  
  38  9:24  Drone x4  
  41  9:28  Overlord  
  41  9:30  Baneling x3  
  41  9:31  Baneling x2  
  42  9:46  Queen  
  42  9:50  Drone  
  42  9:51  Drone x2  
  47  10:00  Baneling x3  
  44  10:07  Drone  
  44  10:08  Drone x3  
  47  10:16  Drone x2  
  45  10:37  Drone x3  
  47  10:47  Zergling x4  
  47  10:48  Zergling x2  
  50  10:52  Spine Crawler  
  50  10:55  Spine Crawler  
  48  10:57  Hydralisk  
  50  11:07  Grooved Spines  
  50  11:16  Baneling x5  
  36  11:49  Hydralisk x2, Zergling x6  
  43  11:57  Hatchery  
  43  11:58  Overlord x4  
  42  12:06  Drone x2  
Show
View Real Time Build Order
Export as new Build Order

ColWombaT Terran 

Build Orders: Hellion Opening, Mech 

Get SALT Encoding   

  12  0:01  SCV  
  13  0:13  SCV  
  14  0:18  Supply Depot  
  14  0:25  SCV  
  15  0:40  Barracks  
  15  0:45  Refinery, SCV  
  16  0:53  Refinery  
  16  0:57  SCV  
  17  1:10  SCV  
  18  1:22  SCV  
  19  1:30  Factory  
  19  1:34  Orbital Command  
  19  1:40  Barracks Reactor  
  19  1:54  Supply Depot  
  19  2:00  SCV  
  20  2:12  SCV  
  21  2:23  Hellion x2  
  21  2:29  SCV  
  26  2:44  Factory, Hellion  
  26  2:45  Hellion  
  31  2:51  SCV  
  31  2:53  Supply Depot  
  31  2:58  Supply Depot  
  31  3:15  Hellion  
  33  3:25  Hellion  
  31  3:31  Hellion  
  31  3:32  Factory  
  32  3:36  SCV  
  34  3:48  Hellion x2  
  34  3:56  Hellion  
  34  4:02  SCV  
  37  4:11  Hellion  
  31  4:33  Hellion  
  31  4:34  Hellion  
  35  4:39  SCV  
  35  4:45  Hellion x2  
  40  4:51  SCV  
  37  5:04  Hellion x2  
  33  5:08  SCV  
  34  5:19  Cyclone  
  34  5:20  SCV  
  41  5:28  Cyclone  
  41  5:32  SCV  
  42  5:40  Cyclone  
  45  5:45  Hellion  
  47  5:58  Hellion  
  45  6:08  Hellion  
  47  6:13  Factory Tech Lab  
  47  6:34  Command Center  
  47  6:35  Infernal Pre-Igniter  
  47  6:39  Factory Tech Lab  
  47  6:47  Hellion, SCV  
  47  6:49  Supply Depot  
  50  6:59  SCV  
  51  7:02  Siege Tank  
  54  7:16  SCV  
  54  7:22  Siege Tank  
  58  7:29  Engineering Bay  
  58  7:32  SCV  
  59  7:48  Siege Tank  
  59  7:49  Hellion  
  64  8:00  Siege Tank  
  67  8:09  SCV  
  69  8:20  Orbital Command, Siege Tank  
  71  8:32  SCV, Siege Tank  
  75  8:39  Refinery  
  75  8:40  Refinery  
  52  8:52  Siege Tank  
  52  8:58  Hellion x2  
  52  8:59  SCV x2  
  58  9:07  Siege Tank  
  61  9:11  SCV  
  56  9:20  SCV  
  56  9:23  Hellion  
  56  9:24  Hellion, SCV  
  62  9:33  SCV  
  62  9:36  SCV  
  64  9:43  Siege Tank  
  64  9:45  SCV  
  67  9:48  SCV, Siege Tank  
  71  9:55  Hellion x2  
  66  10:14  SCV  
  66  10:15  SCV  
  66  10:16  Hellion  
  70  10:28  Supply Depot  
  70  10:29  Supply Depot  
  70  10:33  Supply Depot  
  70  10:50  Hellion, Siege Tank x2, Command Center  
  70  10:51  Hellion  
  70  10:54  SCV x2  
  82  11:02  Missile Turret  
  82  11:06  SCV x2  
  72  11:22  Hellion x2, Siege Tank  
  66  11:35  Siege Tank  
  65  11:43  Hellion  
  65  11:44  Hellion  
  60  11:52  Factory  
  60  11:54  Siege Tank  
  60  12:05  Hellion x2  
  60  12:07  Siege Tank  
  67  12:19  Missile Turret  
  67  12:21  Missile Turret  
  67  12:26  Hellion x2  
  74  12:38  Supply Depot  
  74  12:39  Supply Depot  
  74  12:40  Supply Depot  
Show
View Real Time Build Order
Export as new Build Order

Adversity Terran - Winner!

Build Orders:  

Get SALT Encoding   

  12  0:02  SCV  
  13  0:14  SCV  
  14  0:19  Supply Depot  
  14  0:29  SCV  
  14  0:31  Refinery  
  15  0:41  SCV  
  16  0:46  Barracks  
  16  0:53  SCV  
  17  1:05  SCV  
  17  1:09  Barracks  
  18  1:17  SCV  
  19  1:26  Barracks  
  19  1:33  Reaper  
  20  1:40  Orbital Command  
  20  1:52  Supply Depot  
  20  1:56  Reaper  
  20  2:00  Refinery  
  21  2:11  Reaper  
  21  2:13  SCV  
  23  2:16  Reaper  
  23  2:20  Supply Depot  
  24  2:25  SCV  
  25  2:35  Reaper  
  26  2:43  Reaper  
  27  2:45  SCV  
  28  2:54  Reaper  
  29  3:02  Command Center  
  29  3:07  Reaper  
  29  3:11  SCV  
  31  3:27  Reaper  
  31  3:28  Reaper  
  31  3:29  SCV  
  31  3:31  Supply Depot  
  33  3:47  Reaper  
  33  3:48  SCV  
  33  3:51  Barracks  
  33  3:52  Barracks  
  34  4:06  Barracks Tech Lab  
  34  4:07  Barracks Reactor  
  34  4:09  SCV  
  34  4:10  Factory  
  34  4:15  Orbital Command  
  34  4:22  Bunker  
  33  4:25  Marine x2  
  33  4:30  SCV  
  30  4:40  Marine x2  
  30  4:41  Stimpack  
  30  4:44  SCV  
  33  4:46  SCV  
  34  4:56  SCV  
  34  4:57  Marine x4  
  39  5:01  SCV  
  40  5:08  Marine, SCV  
  40  5:09  Marine  
  42  5:14  SCV  
  42  5:20  SCV  
  44  5:21  Marine x2  
  44  5:23  Marauder  
  44  5:24  Starport  
  44  5:25  Factory Reactor  
  44  5:27  SCV  
  50  5:33  SCV  
  50  5:34  Barracks Reactor x2  
  51  5:36  Barracks Tech Lab  
  51  5:40  SCV  
  51  5:44  Engineering Bay  
  51  5:45  Engineering Bay  
  51  5:48  SCV  
  52  5:52  SCV  
  52  5:53  Marauder  
  52  5:57  Marauder  
  57  5:59  Refinery  
  57  6:00  Refinery, SCV  
  58  6:05  SCV  
  58  6:07  Supply Depot  
  58  6:10  Concussive Shells  
  59  6:13  SCV  
  60  6:19  Terran Infantry Armor Level 1, Terran Infantry Weapons Level 1  
  60  6:27  SCV  
  60  6:28  SCV  
  60  6:29  Marine x4, Marauder x2  
  60  6:32  Supply Depot x2  
  70  6:34  Supply Depot  
  70  6:53  Marine x4  
  70  6:54  Medivac x2, Marine x2, Marauder  
  82  6:56  Supply Depot  
  82  6:57  Combat Shield  
  84  7:08  Marauder  
  84  7:10  Supply Depot  
  84  7:13  Armory  
  84  7:27  Marauder  
  84  7:28  Marine x5  
  84  7:29  Medivac x2  
  95  7:30  Marine  
  95  7:35  Supply Depot  
  96  7:38  SCV  
  97  7:45  Marine x2  
  97  7:46  Marine x2  
  97  7:48  Marauder  
  102  7:59  Medivac x2  
  102  8:02  Supply Depot  
  102  8:03  Supply Depot x2, Marauder  
  108  8:15  Terran Infantry Weapons Level 2, Terran Infantry Armor Level 2  
  108  8:22  Marine  
  108  8:23  Marine x6  
  115  8:29  SCV x2  
  115  8:31  Command Center  
  90  8:54  Marine x2  
  90  8:55  Marine x4  
  82  8:56  Marauder x2  
  82  9:00  Medivac  
  82  9:01  Medivac, Barracks  
  82  9:02  Barracks x2  
  90  9:03  Barracks, Supply Depot  
  90  9:12  Marine x3  
  90  9:13  Marine x3  
  93  9:18  Marine x2  
  93  9:23  SCV x2  
  97  9:25  Supply Depot  
  97  9:30  Medivac, Marine x4  
  97  9:31  Medivac, Marine x2  
  107  9:32  Missile Turret x2  
  107  9:36  Marine x2  
  109  9:48  Marine x5, Orbital Command  
  109  9:51  SCV x2  
  116  9:52  Sensor Tower  
  116  9:54  Marauder  
  116  9:55  Marauder  
  116  9:58  Barracks Tech Lab x4  
  96  10:08  Marine x3  
  96  10:09  Marine x3  
  96  10:10  Liberator, SCV  
  96  10:12  Liberator  
  99  10:15  SCV  
  99  10:16  Marauder x2, Starport x2  
  99  10:17  Fusion Core  
  99  10:19  Marine x3  
  107  10:26  Marine x5  
  118  10:37  Marauder  
  118  10:38  Marine x4, Marauder  
  118  10:39  Marauder  
  128  10:45  Marine x3  
  128  10:46  Marine x2  
  133  10:55  Marine  
  133  10:56  Marine x3  
  137  11:01  Starport Reactor  
  137  11:02  Starport Tech Lab  
  137  11:09  Liberator  
  129  11:12  Marine x5  
  129  11:13  Marauder x2  
  138  11:20  Liberator, Marine x3, Marauder  
  138  11:21  Marauder  
  145  11:29  Marine  
  145  11:30  Marine  
  145  11:31  Marauder  
  147  11:42  Liberator x2  
  140  11:51  Marine x7  
  140  11:52  Marauder x3  
  153  11:58  Marine x2  
  157  12:01  SCV  
  157  12:02  Refinery, SCV x2  
  157  12:03  Refinery  
  157  12:07  Supply Depot  
  157  12:08  Supply Depot, Marine  
  160  12:09  Marine  
  160  12:10  Marauder  
  160  12:11  Marine x4  
  160  12:13  Marine x2, Marauder  
  172  12:18  Marine  
  173  12:28  Marine  
  174  12:33  Supply Depot, Barracks  
  174  12:35  Supply Depot  
Show
View Real Time Build Order
Export as new Build Order

Squirtle Zerg - Winner!

Build Orders: Hatch First 

Get SALT Encoding   

  12  0:00  Drone  
  13  0:08  Drone  
  14  0:14  Extractor  
  14  0:15  Drone  
  15  0:42  Extractor  
  15  0:45  Drone, Hatchery  
  14  1:01  Spawning Pool  
  13  1:05  Drone  
  14  1:13  Drone, Extractor  
  14  1:17  Extractor  
  13  1:23  Drone  
  16  1:29  Overlord  
  16  1:47  Metabolic Boost  
  16  1:49  Zergling x4  
  16  1:50  Zergling x2  
  19  1:59  Zergling x2  
  20  2:02  Zergling x2  
  20  2:08  Zergling x2  
  22  2:13  Zergling x2  
  23  2:19  Zergling x2  
  24  2:23  Zergling x2  
  25  2:31  Zergling x2  
  25  2:32  Zergling x2  
  27  2:40  Zergling x2  
  28  2:46  Overlord  
  28  2:55  Overlord  
  28  3:04  Queen x2  
  32  3:06  Zergling x2  
  32  3:07  Zergling x4  
  23  3:28  Zergling x2  
  23  3:29  Zergling x2  
  23  3:31  Zergling x4  
  27  3:35  Zergling x2  
  27  3:37  Zergling x2  
  29  3:46  Zergling x2  
  29  3:48  Zergling x2  
  29  4:00  Zergling x4  
  30  4:10  Zergling x4  
  30  4:14  Zergling x2  
  30  4:16  Zergling x4  
  35  4:17  Zergling x2  
  35  4:18  Zergling x6  
  35  4:21  Zergling x2  
  34  4:35  Zergling x4  
  36  4:40  Zergling x2  
  36  4:42  Zergling x2  
  29  5:06  Zergling x8  
  28  5:09  Zergling x4  
  28  5:10  Zergling x4  
  28  5:11  Zergling x4  
  34  5:19  Zergling x4  
  35  5:26  Zergling x2  
  34  5:28  Zergling x2  
  35  5:36  Zergling x2  
  35  5:38  Zergling x4  
  35  5:39  Zergling x2  
  35  5:42  Zergling x2  
  34  5:50  Zergling x2  
  34  5:55  Zergling x2  
  31  5:59  Zergling x2  
  24  6:05  Zergling x2  
  6  6:26  Drone  
  5  6:44  Drone x2  
  5  7:05  Drone x4  
  9  7:52  Drone x5  
  9  7:53  Drone x2  
  16  9:39  Drone  
  16  9:40  Drone x2  
  16  9:41  Extractor  
  16  9:42  Extractor  
  17  10:17  Drone x4  
  21  10:31  Drone  
  21  10:32  Drone  
Tags
 
Add a new tag
Caveats
  • Supply blocks, unpowered buildings, or Contaminate may cause inaccurate times.
  • Supply counts are checked every 10 seconds.